 Dungeon Crawl Stone Soup version 0.18-a0-1692-g516f9e9 (webtiles) character file.

152 4thArraOfDagon the Chopper (level 5, -1/47 HPs)
             Began as a Hill Orc Berserker on Apr 5, 2016.
             Was a Follower of Trog.
             Slain by a worker ant (4 damage)
             ... on level 5 of the Dungeon.
             The game lasted 00:01:31 (307 turns).

4thArraOfDagon the Chopper (Hill Orc Berserker)      Turns: 307, Time: 00:01:32

Health: -1/47      AC:  9    Str: 21    XL:     5   Next: 34%
Magic:  13/14      EV: 13    Int:  7    God:    Trog [*.....]
Gold:   43         SH:  0    Dex: 15    Spells: 0 memorised, 4 levels left

rFire  . . .     SeeInvis .     a - +0 hand axe
rCold  . . .     Gourm    .     i - +0 chain mail
rNeg   . . .     Faith    .     (no shield)
rPois  .         Spirit   .     (no helmet)
rElec  .         Dismiss  .     (no cloak)
rCorr  .         Reflect  .     (no gloves)
SustAt .         Harm     .     (no boots)
MR     .....                    (no amulet)
Stlth  ..........               l - ring of magical power
                                b - ring of loudness (curse)

@: agile, lethally poisoned (-1 -> -3), exhausted, not resistant to hostile
enchantments, extremely unstealthy
A: no striking features
a: Berserk, Burn Spellbooks, Renounce Religion


You were on level 5 of the Dungeon.
You worshipped Trog.
Trog was aware of your devotion.
You were not hungry.

You visited 1 branch of the dungeon, and saw 5 of its levels.

You collected 43 gold pieces.

Inventory:

Hand Weapons
 a - a +0 hand axe (weapon)
Armour
 i - a +0 chain mail (worn)
Jewellery
 b - a cursed ring of loudness (left hand)
 l - a ring of magical power (right hand)
Scrolls
 e - a scroll of remove curse {unknown}
 h - a scroll of identify {unknown}
 j - a scroll of teleportation {unknown}
Comestibles
 c - 2 bread rations


   Skills:
 + Level 4.7 Fighting
 * Level 6.2 Axes
 + Level 3.3 Armour
 - Level 1.5 Dodging


You had 4 spell levels left.
You didn't know any spells.

Dungeon Overview and Level Annotations

Branches:
Dungeon (5/15)
 Temple: D:4-7

Altars:
Sif Muna


Message History

The worker ant bites you but does no damage.
Unknown command.
You closely miss the worker ant.
The worker ant is moderately wounded.
The worker ant bites you but does no damage.
You closely miss the worker ant.
The worker ant is moderately wounded.
You feel sick. The worker ant bites you.
* * * LOW HITPOINT WARNING * * *
Unknown command.
You closely miss the worker ant.
The worker ant is moderately wounded.
The worker ant bites you but does no damage.
The phantom blinks!
The worker ant bites you but does no damage.
Unknown command.
You barely miss the worker ant.
The worker ant is moderately wounded.
The worker ant bites you.
You die...

#+# #######@#
......#a######
#.....§n.....#
.......<.###.#
#.###<.........
#.....##.##
#######


You could see a necrophage and a worker ant.

Vanquished Creatures
  A phantom (D:4)
  A worker ant (D:5)
  3 adders
  An ooze (D:2)
  A dart slug (D:2)
  A goblin (D:2)
  A kobold (D:2)
  A ball python (D:4)
  2 bats (D:2)
  A giant newt (D:4)
  3 kobold zombies (D:4)
  An orc zombie (D:4)
  3 rats (D:2)
20 creatures vanquished.

Notes
Turn   | Place    | Note
--------------------------------------------------------------
     0 | D:1      | 4thArraOfDagon the Hill Orc Berserker began the quest for the Orb.
     0 | D:1      | Reached XP level 1. HP: 19/19 MP: 1/1
    22 | D:2      | Reached XP level 2. HP: 27/27 MP: 2/2
   198 | D:4      | Noticed a phantom
   215 | D:4      | Reached XP level 3. HP: 24/33 MP: 3/3
   225 | D:4      | Found a deep blue altar of Sif Muna.
   230 | D:4      | Noticed a phantom
   257 | D:4      | Reached skill level 5 in Axes
   267 | D:4      | Killed a phantom
   267 | D:4      | Reached skill level 6 in Axes
   267 | D:4      | Reached XP level 4. HP: 29/41 MP: 4/4
   267 | D:4      | Reached XP level 5. HP: 34/47 MP: 5/5
   275 | D:5      | Entered Level 5 of the Dungeon
   275 | D:5      | Noticed a necrophage
   307 | D:5      | Slain by a worker ant

Vault maps used:
D:1:      mrwooster_arrival_statue_2, grunt_decor_resistance
D:2:      gammafunk_temple_overflow_wave, fedhas_altar_2
D:4:      led_sif_pool, elyvilon_altar_4, nicolae_ossuary_entry_giza,
          minmay_mini_ossuary
D:5:      minitemple, first_bread, uniq_edmund

Skill      XL: |  1  2  3 |
---------------+----------+-----
Fighting       | 4 |  4.7
Axes           | 6 |  6.2
Armour         | 3 |  3.3
Dodging        | |  1.5

Action                   |  1- 3 |  4- 6 || total
-------------------------+-------+-------++-------
Melee: Hand axe          |    47 |    26 ||    73
Invok: Berserk           |     2 |       ||     2
  Use: Potion            |       |     3 ||     3
